 Dungeon Crawl Stone Soup version 0.29-a0-823-gc37b1572da (webtiles) character file.

Game seed: 9784538803313607555

623 bande the Chopper (level 7, 0/44 HPs)
             Began as a Gargoyle Fighter on July 9, 2022.
             Was an Initiate of Okawaru.
             Slain by a gnoll bouda
             ... wielding a +0 whip
              (4 damage)
             ... on level 4 of the Dungeon.
             The game lasted 00:06:41 (4805 turns).

bande the Chopper (Gargoyle Fighter)                Turns: 4805, Time: 00:06:42

Health: 0/44       AC: 16    Str: 20    XL:     7   Next: 47%
Magic:  7/7        EV: 11    Int:  8    God:    Okawaru [......]
Gold:   104        SH:  4    Dex: 11    Spells: 6/6 levels left

rFire   . . .      SeeInvis .   a - +1 war axe
rCold   . . .      Faith    .   c - +0 buckler
rNeg    + . .      Spirit   .   h - +0 chain mail
rPois   ∞          Reflect  .   b - +1 helmet
rElec   +          Harm     .   (no cloak)
rCorr   .          Rampage  .   (no gloves)
Will    +....                   (no boots)
Stlth   ..........              (no amulet)
HPRegen 0.14/turn               k - +4 ring of evasion
MPRegen 0.10/turn               (no ring)

@: weakened
A: sickness immunity, AC +4, negative energy resistance 1, electricity
resistance, torment resistance 1, petrification resistance, deterioration 1,
strong-willed 1, wild magic 1
a: Renounce Religion


You were on level 4 of the Dungeon.
You worshipped Okawaru.
Okawaru was noncommittal.
You visited 2 branches of the dungeon, and saw 5 of its levels.

You collected 104 gold pieces.

Inventory:

Hand Weapons
 a - a +1 war axe (weapon)
Armour
 b - a +1 helmet (worn)
 c - a +0 buckler (worn)
 h - a +0 chain mail (worn)
Jewellery
 k - a +4 ring of evasion (left hand)
Wands
 j - a wand of iceblast (8)
Scrolls
 d - 2 scrolls of teleportation
 e - 4 scrolls of identify
 f - a scroll of enchant weapon
Potions
 g - a potion of magic
 i - a potion of haste
 l - 2 potions of mutation
 m - 2 potions of heal wounds {unknown}


   Skills:
 + Level 4.7 Fighting
 + Level 5.3 Axes
 + Level 4.9 Armour
 + Level 4.0 Shields
 * Level 0.9 Invocations
 * Level 1.0 Evocations


You had 6 spell levels left.
You didn't know any spells.
Your spell library was empty.

Dungeon Overview and Level Annotations

Branches:
Dungeon (4/15)             Temple (1/1) D:4

Altars:
Ashenzari
Elyvilon
Okawaru
Yredelemnul

Shops:
D:1 [


Innate Abilities, Weirdness & Mutations

You are immune to sickness and miasma.
Your stone body is resilient. (AC +4)
You are immune to poison.
You resist negative energy. (rN+)
You are resistant to electric shocks. (rElec)
You are resistant to unholy torment.
You are immune to petrification.
Your body sometimes deteriorates upon taking damage.
You are strong-willed. (Will+)
Your spells are a little harder to cast, but a little more powerful.


Message History

You hit the gnoll bouda but do no damage.
The gnoll bouda is heavily wounded.
You hit the gnoll bouda. You hit the adder.
You kill the adder!
Okawaru accepts your kill.
You hit the scorpion but do no damage. The scorpion closely misses you.
The gnoll bouda barely misses you. The gnoll bouda misses you.
You block the scorpion's attack. The gnoll bouda barely misses you.
You slash the gnoll bouda!
The gnoll bouda is almost dead.
You hit the scorpion. You hit the gnoll bouda. The scorpion closely misses you.
The gnoll bouda hits you but does no damage.
The gnoll bouda closely misses you.
You barely miss the gnoll bouda.
The gnoll bouda is almost dead.
You hit the scorpion.
You kill the scorpion!
Okawaru accepts your kill.
You hit the gnoll bouda.
The gnoll bouda gazes fiercely through you!
You feel as though you will be weak longer.
The gnoll bouda barely misses you.
The gnoll bouda hits you with a +0 club.
* * * LOW HITPOINT WARNING * * *
Your Evocations skill increases to level 1!
You barely miss the gnoll bouda.
The gnoll bouda is almost dead.
You barely miss the gnoll bouda.
The gnoll bouda hits you with a +0 whip.
* * * LOW HITPOINT WARNING * * *
The gnoll bouda calls upon its god to heal the gnoll bouda.
The gnoll bouda is healed somewhat.
The gnoll bouda misses you.
It was a potion of mutation.
You feel extremely strange.
You feel yourself wasting away.
You feel strong-willed.
You feel less in control of your magic.
The gnoll bouda gazes fiercely through you!
You feel as though you will be weak longer.
The gnoll bouda closely misses you.
The gnoll bouda hits you with a +0 whip.
You die...

.........#.....# #
...............## .#
................###.##
.....................#
..#)#.#.#.#...........
..#.#.#.#.#........#
..#.#.#.#.#.....:###
..#.#.#.#.#......#
..#.#.#.#.#....g@#
...............g))......
..... ........?.....###
..... .........#....##
..... ........##.....#
.... .......##......#
.....# .##....# .... .
#....


You could see 2 gnoll boudas.

Vanquished Creatures
  Grinder (D:2)
  A scorpion (D:4)
  2 howler monkeys
  A jelly (D:4)
  Ijyb (D:3)
  Jessica (D:3)
  An iguana (D:4)
  Terence (D:3)
  Robin (D:2)
  9 adders
  2 worms (D:2)
  A dart slug (D:4)
  4 orcs
  6 endoplasms
  2 giant cockroaches (D:2)
  10 goblins
  7 hobgoblins
  3 jackals (D:2)
  9 kobolds
  2 quokkas
  5 ball pythons
  5 bats
  5 frilled lizards
  4 rats
84 creatures vanquished.

Notes
Turn   | Place    | Note
-------+----------+-------------------------------------------
     0 | D:1      | bande the Gargoyle Fighter began the quest for the Orb.
     0 | D:1      | Reached XP level 1. HP: 14/14 MP: 1/1
   583 | D:1      | Reached XP level 2. HP: 19/19 MP: 2/2
   772 | D:1      | Reached skill level 2 in Axes
   830 | D:1      | Found Veenaoduil's Armour Boutique.
  1324 | D:2      | Noticed Robin
  1331 | D:2      | Reached XP level 3. HP: 13/23 MP: 3/3
  1337 | D:2      | Killed Robin
  1814 | D:2      | Reached XP level 4. HP: 29/29 MP: 4/4
  1861 | D:2      | Reached skill level 3 in Axes
  2339 | D:2      | Found a faded altar of an unknown god.
  2538 | D:3      | Noticed Grinder
  2664 | D:3      | Paralysed by Grinder for 5 turns
  2677 | D:2      | Killed Grinder
  2678 | D:2      | Reached skill level 4 in Axes
  2678 | D:2      | Reached XP level 5. HP: 2/33 MP: 5/5
  2678 | D:2      | Reached XP level 6. HP: 3/38 MP: 6/6
  3283 | D:3      | Noticed Jessica
  3294 | D:3      | Killed Jessica
  3679 | D:3      | Noticed Ijyb
  3692 | D:3      | Killed Ijyb
  3806 | D:3      | Noticed Terence
  3815 | D:3      | Killed Terence
  4144 | D:4      | Reached skill level 5 in Axes
  4144 | D:4      | Reached XP level 7. HP: 30/44 MP: 7/7
  4473 | D:4      | Found a staircase to the Ecumenical Temple.
  4496 | Temple   | Entered the Ecumenical Temple
  4536 | Temple   | Became a worshipper of Warmaster Okawaru
  4804 | D:4      | Reached skill level 1 in Evocations
  4805 | D:4      | Gained mutation: Your body sometimes deteriorates upon
                  | taking damage. [potion of mutation]
  4805 | D:4      | Gained mutation: You are strong-willed. (Will+) [potion of
                  | mutation]
  4805 | D:4      | Gained mutation: Your spells are a little harder to cast,
                  | but a little more powerful. [potion of mutation]
  4805 | D:4      | Slain by a gnoll bouda

Illustrated notes

Levels and vault maps discovered:
D:1:      dpeg_arrival_orchard, layout_loops_ring, serial_shops, shop_statue,
          nrook_loot_triangle, columned_hall_lemuel, kennysheep_pointless_box,
          minmay_pentomino_x2
D:2:      layout_basic, shapermc_ecumenical_altar_notcrosses, uniq_robin
D:3:      layout_loops_corners, serial_park_tiny_pond, st_stairs_8,
          uniq_jessica, uniq_ijyb, uniq_grinder, uniq_terence
D:4:      layout_layer_cave, minmay_temple_entry_waves, minmay_misc_feat_rows,
          st_stairs_2, grunt_decor_junction, minmay_manual_moon
Temple:   nicolae_temple_slightly_damp_pantheon

Skill      XL: |  1  2  3  4  5  6  7 |
---------------+----------------------+-----
Axes           | 2 4 5 |  5.3
Armour         | 4 |  4.9
Fighting       | 4 |  4.7
Shields        | 4 |  4.0
Evocations     | 1 |  1.0
Invocations    | |  0.9

Action                   |  1- 3 |  4- 6 |  7- 9 || total
-------------------------+-------+-------+-------++-------
Melee: War axe           |   123 |    97 |    55 ||   275
  Use: Scroll            |     4 |     2 |       ||     6
       Potion            |       |     2 |     1 ||     3
Armor: Scale mail        |     9 |       |       ||     9
       Skin              |     5 |       |       ||     5
       Chain mail        |    74 |    84 |    61 ||   219
Dodge: Dodged            |    51 |    35 |    78 ||   164
Block: Buckler           |    28 |    31 |    28 ||    87

Table legend: (Time is in decaauts)
 A = Elapsed time spent in this place.
 B = Non-inter-level travel time spent in this place.
 C = Inter-level travel time spent in this place.
 D = Time resting spent in this place.
 E = Time spent auto-exploring this place.
 F = Levels seen in this place.
 G = Mean time per level.
                   A        B        C        D        E       F      G
               +--------+--------+--------+--------+--------+-----+--------+
         Total |   4897 |   4889 |      8 |   1017 |   2936 |   5 |  979.4 |
       Dungeon |   4828 |   4820 |      8 |   1017 |   2905 |   4 | 1207.0 |
        Temple |     68 |     68 |      0 |      0 |     31 |   1 |   68.0 |
               +--------+--------+--------+--------+--------+-----+--------+

Top non-repeatable levels by time:
     D:2: 1934 daAuts
     D:1: 1271 daAuts
     D:3: 976 daAuts
     D:4: 645 daAuts
  Temple: 68 daAuts
